 Dungeon Crawl Stone Soup version 0.24-a0-524-gf43b32f898 (webtiles) character file.

Game seed: 6302256435710628117

51427 KennyOmg the Severer (level 14, -16/138 HPs)
             Began as a Minotaur Berserker on July 31, 2019.
             Was a High Priest of Trog.
             Engulfed by a cloud of freezing vapour (21 damage)
             ... in an ice cave.
             The game lasted 00:54:46 (18933 turns).

KennyOmg the Severer (Minotaur Berserker)          Turns: 18933, Time: 00:54:46

Health: -16/138    AC: 21    Str: 27    XL:     14   Next: 23%
Magic:  4/4        EV:  8    Int: 10    God:    Trog [*****.]
Gold:   1267       SH: 17    Dex: 16    Spells: 13/13 levels left

rFire    + + +     SeeInvis +   C - +6 broad axe (antimagic)
rCold    . . .     Gourm    .   s - +0 shield
rNeg     . . .     Faith    .   j - +5 chain mail of the Soldier {rF+ Str+3 Stlth+}
rPois    .         Spirit   .   M - +1 hat
rElec    .         Reflect  +   f - +2 cloak of the Thief {+Fog Slay-2 SInv Stlth+}
rCorr    .         Harm     .   J - +0 pair of gloves
MR       ++...     NoTele   +   B - +0 pair of boots "Mifingim" {MR+}
Stlth    +.........             r - +2 amulet of reflection
HPRegen  0.33/turn              Q - ring "Idib Wowk" {-Tele +Inv rF+++ EV-3 Int+6}
MPRegen  0.09/turn              O - +3 ring of dexterity

@: hasted, very quick
A: retaliatory headbutt, horns 2
a: Berserk, Trog's Hand, Brothers in Arms, Renounce Religion, Evoke Fog, Evoke
Invisibility


You were in an ice cave.
You worshipped Trog.
Trog was extremely pleased with you.
You were not hungry.

You visited 3 branches of the dungeon, and saw 19 of its levels.
You also visited: Sewer, Ossuary, Bailey and Ice Cave.

You collected 2002 gold pieces.
You spent 735 gold pieces at shops.

Inventory:

Hand Weapons
 e - a +2 great sword of flaming
   (You took it off Rupert on level 13 of the Dungeon)
 i - a +0 spear of flaming
   (You took it off a gnoll on level 3 of the Dungeon)
 y - a +3 antimagic war axe
   (Trog gifted it to you on level 11 of the Dungeon)
 C - a +6 antimagic broad axe (weapon)
   (Trog gifted it to you on level 6 of the Dungeon)
Missiles
 I - 94 boomerangs (quivered)
 K - a throwing net {!f}
Armour
 f - the +2 cloak of the Thief (worn) {+Fog Slay-2 SInv Stlth+}
   (You found it on level 5 of the Dungeon)

   It affects your accuracy and damage with ranged weapons and melee attacks
   (-2).
   It lets you see invisible.
   It makes you more stealthy.
 j - the +5 chain mail of the Soldier (worn) {rF+ Str+3 Stlth+}
   (You found it on level 15 of the Dungeon)

   It affects your strength (+3).
   It protects you from fire.
   It makes you more stealthy.
 s - a +0 shield (worn)
   (You found it on level 2 of the Dungeon)
 B - the +0 pair of boots "Mifingim" (worn) {MR+}
   (You found it in an ice cave)

   It affects your resistance to hostile enchantments.
 J - a +0 pair of gloves (worn)
   (You found it on level 9 of the Dungeon)
 M - a +1 hat (worn)
   (You took it off Gastronok on level 9 of the Dungeon)
 W - a +2 pair of boots
   (You found it on level 12 of the Dungeon)
 Y - the +0 plate armour "Maryf" {Int+4 Dex+2}
   (You found it on level 13 of the Dungeon)

   It affects your intelligence (+4).
   It affects your dexterity (+2).
 Z - a +2 cloak of cold resistance
   (You found it in an ice cave)
Jewellery
 q - the cursed ring "Xash" {rC- AC-3 Slay+2 SInv, unknown}
   (You found it on level 1 of the Lair of Beasts)

   [ring of protection]

   It affects your AC (-3).
   It affects your accuracy and damage with ranged weapons and melee attacks
   (+2).
   It makes you vulnerable to cold.
   It lets you see invisible.
   It has a curse placed upon it.
 r - a +2 amulet of reflection (around neck)
   (You found it on level 2 of the Dungeon)
 O - a +3 ring of dexterity (right hand)
   (You found it on level 9 of the Dungeon)
 Q - the ring "Idib Wowk" (left hand) {-Tele +Inv rF+++ EV-3 Int+6}
   (You bought it in a shop on level 13 of the Dungeon)

   [ring of evasion]

   It affects your evasion (-3).
   It affects your intelligence (+6).
   It renders you almost immune to fire.
   It lets you turn invisible.
   It prevents most forms of teleportation.
Wands
 a - a wand of polymorph (14)
   (You found it on level 13 of the Dungeon)
 c - a wand of disintegration (16)
   (You found it on level 1 of the Lair of Beasts)
 d - a wand of iceblast (28)
   (You found it on level 9 of the Dungeon)
 t - a wand of flame (47)
   (You found it on level 11 of the Dungeon)
 u - a wand of paralysis (10)
   (You found it on level 7 of the Dungeon)
 v - a wand of digging (5)
   (You found it on level 8 of the Dungeon)
 x - a wand of acid (9)
   (You found it on level 7 of the Dungeon)
 V - a wand of clouds (8)
   (You found it on level 12 of the Dungeon)
Scrolls
 g - a scroll of remove curse {@r2}
 h - 3 scrolls of identify {@r1}
 n - 2 scrolls of fear
 w - a scroll of acquirement {unknown}
 z - 4 scrolls of magic mapping
 D - 3 scrolls of fog
 E - 6 scrolls of blinking
 F - 5 scrolls of teleportation {@r4}
 N - a scroll of vulnerability {unknown}
 T - a scroll of amnesia {unknown}
 U - a scroll of enchant armour {unknown}
Potions
 b - a potion of ambrosia {unknown}
 k - 8 potions of flight
 m - 2 potions of magic
 o - a potion of resistance {unknown}
 p - 5 potions of brilliance
 G - 5 potions of might
 H - a potion of agility {unknown}
 L - 3 potions of haste {@q3}
 P - 2 potions of invisibility
 R - a potion of experience {unknown}
 S - 2 potions of lignification {!q}
 X - 4 potions of mutation {!q}
Miscellaneous
 A - a phial of floods
   (You found it in an ossuary)
Comestibles
 l - 21 rations {!d}


   Skills:
 + Level 16.3 Fighting
 * Level 17.4 Axes
 + Level 4.2 Armour
 + Level 3.9 Dodging
 + Level 2.4 Stealth
 - Level 15.0 Shields


You had 13 spell levels left.
You didn't know any spells.
Your spell library was empty.

Dungeon Overview and Level Annotations

Branches:
Dungeon (15/15)            Temple (0/1) D:4            Lair (2/6) D:9
    Orc (2/2) D:9             Elf (0/3) Orc:2        Vaults (0/5) D:13
  Swamp: Lair:2-4    Shoals: Lair:2-4     Snake: Lair:2-4    Spider: Lair:2-4
 Depths: D:15

Altars:
Dithmenos
Gozag
Kikubaaqudgha
Okawaru
Qazlal
Sif Muna
Uskayaw
Wu Jian
Xom
Yredelemnul

Shops:
D:10 *   D:13 =   D:15 %   Orc:2 *[=(?

Annotations:
D:5 2 runed translucent doors, Mandevil's ghost, amateur CeAE
D:14 2 transporters, skumtomte's ghost, journeyman MiBe
Lair:2 1 runed translucent door, Torikoriko's ghost, journeyman NaWz


Innate Abilities, Weirdness & Mutations

You reflexively headbutt those who attack you in melee.
You have a pair of horns on your head.


Message History

The ice devil hits you but does no damage.
You hit the ice devil. Your headbutt misses the ice devil.
You block the ice devil's attack.
You closely miss the ice devil.
You headbutt the ice devil, but do no damage.
You slice the ice devil!! You headbutt the ice devil!
You hit the ice devil but do no damage. The ice devil hits you!
The ice devil freezes you!!
* * * LOW HITPOINT WARNING * * *
You hit the ice devil but do no damage.
You headbutt the ice devil, but do no damage.
You hit the ice devil but do no damage. The ice devil barely misses you.
You block the ice devil's attack.
You slash the ice devil! You headbutt the ice devil.
You closely miss the ice devil. You block the ice devil's attack. x2
You slash the ice devil! Your headbutt misses the ice devil.
Your chain mail of the Soldier prevents you from hitting the ice devil.
You barely miss the ice devil. Your headbutt misses the ice devil.
You slash the ice devil! You block the ice devil's attack. x2
Unknown command.
You slice the ice devil!!
You kill the ice devil!
Trog accepts your kill.
You hit the ice devil.
You kill the ice devil!
Trog accepts your kill.
Really walk into that cloud of freezing vapour?
Okay, then.
You start resting.
You are engulfed in freezing vapours.
Really walk into that cloud of freezing vapour? [Y]es or [N]o only, please.
Really walk into that cloud of freezing vapour? [Y]es or [N]o only, please.
Really walk into that cloud of freezing vapour?
You are engulfed in freezing vapours.
* * * LOW HITPOINT WARNING * * *
You are engulfed in freezing vapours.
* * * LOW HITPOINT WARNING * * *
You are engulfed in freezing vapours.
* * * LOW HITPOINT WARNING * * *
You are engulfed in freezing vapours.
* * * LOW HITPOINT WARNING * * *
Found a scroll of fog.
You are engulfed in freezing vapours.
* * * LOW HITPOINT WARNING * * *
Found a glaive of freezing and glowing ice dragon scales.
You see here a glowing scythe.
You feel yourself speed up.
You are engulfed in freezing vapours.
You die...

#...°....# #.. ###
###..○☼.§§###.○ #..
#..#.#.§§§§#☼○# .[
##☼.#.##§§§§§§## ..
#○..#§.###.○§§##
#.##§○..§§..#○§°###
##.#§§§§☼§§..#°§.#
#
#?§#☼§####§..#§§°#
#
#)§@§°§§..☼☼....§#
#
#(§#☼§○§..☼☼..#.§#
#
##.#.#≈☼#☼#§.##.##
# #.###§§# ##.#..#
# .. ☼## .. ## .)
○# #. #.. ## #. ###
##. #..


There were no monsters in sight!

Vanquished Creatures
  Rupert (D:13)
  An orc warlord (Orc:2)
  Snorg (D:11)
  3 hydras
  2 dancing weapons (D:13)
  6 two-headed ogres
  A death yak (D:9)
  An orc high priest (Orc:2)
  A sea snake (shapeshifter) (D:13)
  2 unseen horrors
  Pikel (D:9)
  2 orc knights (Orc:2)
  A wolf spider zombie (D:15)
  5 orc sorcerers
  An ugly thing (D:13)
  2 cyclopes
  A deep elf mage (D:14)
  6 manticores
  Maurice (D:13)
  2 ice statues (IceCv)
  A gargoyle (D:13)
  3 spiny frogs (Lair:2)
  A yaktaur (D:13)
  A komodo dragon (Lair:2)
  8 ice devils (IceCv)
  3 trolls
  Grinder (D:5)
  A harpy skeleton (D:14)
  Prince Ribbit (D:9)
  A slime creature (D:13)
  4 blink frogs (Lair:1)
  8 hippogriffs
  2 wyverns (D:7)
  3 basilisks
  A steam dragon (D:10)
  Menkaure (D:5)
  8 vampire mosquitoes
  A hungry ghost (D:12)
  4 wargs
  2 acid dragons
  4 ice beasts
  4 water moccasins
  4 black bears
  2 sky beasts
  2 hornet zombies
  2 slaves (D:9)
  30 orc warriors
  15 ogres
  A boggart (D:13)
  2 necrophages
  6 wolves (Lair:1)
  9 centaurs
  3 crocodiles
  23 bullfrogs
  2 gnoll sergeants
  2 water moccasin zombies (Ossuary)
  A wyvern skeleton (D:8)
  4 scorpions
  2 water moccasin skeletons
  9 killer bees
  5 wights (D:8)
  4 howler monkeys
  5 crimson imps
  2 bullfrog zombies
  2 centaur zombies
  A quasit (D:14)
  8 hounds
  4 jellies
  13 orc priests
  26 orc wizards
  4 centaur skeletons
  3 iguanas
  6 bullfrog skeletons
  5 worker ants
  4 big kobold zombies (Ossuary)
  2 hound zombies
  A hound skeleton (D:6)
  2 mummies (Ossuary)
  A howler monkey zombie (D:11)
  24 gnolls
  3 river rats (D:6)
  19 adders
  5 shadow imps
  2 white imps (IceCv)
  13 ufetubi (IceCv)
  2 oozes
  8 adder zombies
  A worm (D:3)
  7 leopard geckos
  89 orcs
  4 ball pythons
  18 bats
  6 giant cockroaches
  7 gnoll zombies (Ossuary)
  16 goblins
  22 hobgoblins
  15 jackals
  25 kobolds
  3 quokkas
  7 frilled lizards
  6 hobgoblin zombies (Ossuary)
  A jackal skeleton (D:8)
  2 kobold zombies (Ossuary)
  7 orc zombies (Ossuary)
  13 rats
646 creatures vanquished.

Vanquished Creatures (collateral kills)
  Gastronok (D:9)
  A hydra (D:11)
  A two-headed ogre (Orc:1)
  2 orc high priests (Orc:2)
  An orc knight (Orc:2)
  2 orc sorcerers (Orc:2)
  2 ugly things
  A cyclops (D:15)
  A centaur zombie (D:13)
  A troll (D:13)
  An acid dragon (D:15)
  7 orc warriors
  An eye of draining (D:11)
  An ogre (D:11)
  A big kobold (D:11)
  A crimson imp (D:11)
  A bullfrog skeleton (D:13)
  4 orc priests (Orc:2)
  2 orc wizards (Orc:2)
  9 orcs
  2 kobolds (D:11)
43 creatures vanquished.

Vanquished Creatures (others)
  A reaper (IceCv)
  2 cyclopes
  A sky beast (D:9)
  A slave (D:9)
  A centaur (D:14)
  A hound (D:9)
  2 white imps (IceCv)
  3 ufetubi (IceCv)
  An orc (Orc:2)
13 creatures vanquished.

Grand Total: 702 creatures vanquished

Notes
Turn   | Place    | Note
-------+----------+-------------------------------------------
     0 | D:1      | KennyOmg the Minotaur Berserker began the quest for the
                  | Orb.
     0 | D:1      | Reached XP level 1. HP: 19/19 MP: 0/0
    39 | D:1      | Reached skill level 4 in Axes
    54 | D:1      | Reached XP level 2. HP: 21/27 MP: 1/1
   344 | D:1      | Reached ** piety under Trog
   407 | D:1      | Reached XP level 3. HP: 26/33 MP: 2/2
   618 | D:2      | Reached skill level 5 in Axes
   681 | D:2      | Reached XP level 4. HP: 39/41 MP: 3/3
  1212 | D:3      | Reached XP level 5. HP: 20/47 MP: 4/4
  1505 | D:3      | Reached skill level 1 in Shields
  1507 | D:3      | Reached skill level 6 in Axes
  1512 | D:3      | Reached *** piety under Trog
  1514 | D:3      | Reached skill level 5 in Fighting
  2133 | D:4      | Found a staircase to the Ecumenical Temple.
  2178 | D:4      | Reached XP level 6. HP: 49/56 MP: 5/5
  2270 | D:4      | Reached skill level 7 in Axes
  2281 | D:4      | Found a shadowy altar of Dithmenos.
  2283 | D:4      | Found an ornate altar of the Wu Jian Council.
  2283 | D:4      | Found a basalt altar of Yredelemnul.
  2285 | D:4      | Found an ancient bone altar of Kikubaaqudgha.
  2285 | D:4      | Found a shimmering altar of Xom.
  2285 | D:4      | Found a shimmering altar of Xom.
  2665 | D:5      | Entered Level 5 of the Dungeon
  2856 | D:5      | Reached XP level 7. HP: 53/63 MP: 6/6
  2919 | D:5      | Noticed Grinder
  2926 | D:5      | Killed Grinder
  2926 | D:5      | Reached skill level 8 in Axes
  2943 | D:5      | Found the +2 cloak of the Thief {+Fog Slay-2 SInv Stlth+}
  2965 | D:5      | Found a sand-covered staircase.
  2970 | Ossuary  | Entered an ossuary
  3055 | Ossuary  | Reached **** piety under Trog
  3079 | Ossuary  | Reached XP level 8. HP: 64/71 MP: 7/7
  3104 | Ossuary  | Reached skill level 9 in Axes
  3318 | D:5      | Reached ***** piety under Trog
  3431 | D:5      | Noticed Menkaure
  3440 | D:5      | Killed Menkaure
  3440 | D:5      | Reached skill level 5 in Shields
  3810 | D:5      | Found a large runed translucent door.
  3810 | D:5      | Found a large runed translucent door.
  3813 | D:5      | Noticed Mandevil's ghost (amateur CeAE)
  3971 | D:6      | Found a stormy altar of Qazlal.
  3979 | D:6      | Noticed an air elemental
  4022 | D:6      | Found an iron altar of Okawaru.
  4203 | D:6      | Reached skill level 10 in Axes
  4387 | D:6      | Received a gift from Trog
  4682 | D:6      | Found a glowing drain.
  4711 | Sewer    | Entered a sewer
  5176 | D:7      | Reached XP level 9. HP: 81/81 MP: 2/8
  5204 | D:7      | Reached skill level 11 in Axes
  5711 | D:7      | Found a shadowy altar of Dithmenos.
  6417 | D:7      | Reached skill level 12 in Axes
  6748 | D:8      | Noticed a two-headed ogre
  6755 | D:8      | Killed a two-headed ogre
  6755 | D:8      | Reached XP level 10. HP: 30/91 MP: 3/9
  7128 | D:8      | Found a deep blue altar of Sif Muna.
  7287 | D:9      | Noticed Gastronok
  7304 | D:9      | Killed Gastronok
  7304 | D:9      | Reached skill level 10 in Fighting
  7304 | D:9      | Reached skill level 13 in Axes
  7358 | D:9      | Found a staircase to the Lair.
  7358 | D:9      | Noticed a death yak
  7358 | D:9      | Noticed Pikel
  7393 | D:9      | Killed a death yak
  7435 | D:9      | Killed Pikel
  7773 | D:9      | Noticed Prince Ribbit
  7812 | D:9      | Reached skill level 14 in Axes
  7828 | D:9      | Found a staircase to the Orcish Mines.
  7922 | D:9      | Found a basalt altar of Yredelemnul.
  7984 | D:9      | Killed Prince Ribbit
  8259 | D:10     | Entered Level 10 of the Dungeon
  8298 | D:10     | Reached skill level 10 in Shields
  8298 | D:10     | Reached XP level 11. HP: 80/102 MP: 3/10
  8326 | D:10     | Found Seh Buta's General Store.
  8994 | D:11     | Received a gift from Trog
  8994 | D:11     | Noticed a red ugly thing
  9001 | D:11     | Killed a red ugly thing
  9090 | D:11     | Noticed a two-headed ogre
  9098 | D:11     | Killed a two-headed ogre
  9180 | D:11     | Noticed an eight-headed hydra
  9188 | D:11     | Killed an eight-headed hydra
  9347 | D:11     | Noticed Snorg
  9354 | D:11     | Noticed a two-headed ogre
  9365 | D:11     | Killed Snorg
  9375 | D:11     | Killed a two-headed ogre
  9875 | D:12     | Noticed a two-headed ogre
  9891 | D:12     | Killed a two-headed ogre
 10333 | D:12     | Received a gift from Trog
 10680 | D:13     | Got a twisted plate armour
 10691 | D:13     | Reached XP level 12. HP: 115/115 MP: 3/11
 10702 | D:13     | Identified the cursed +0 plate armour "Maryf" {Int+4 Dex+2}
                  | (You found it on level 13 of the Dungeon)
 10740 | D:13     | Received a gift from Trog
 10753 | D:13     | Found a gate to the Vaults.
 10804 | D:13     | Found a flagged portal.
 10827 | Bailey   | Entered a bailey
 11299 | D:13     | Noticed a two-headed ogre
 11303 | D:13     | Killed a two-headed ogre
 11473 | D:13     | Noticed Maurice
 11485 | D:13     | Paralysed by Maurice for 6 turns
 11622 | D:13     | Noticed Rupert
 11638 | D:13     | Killed Rupert
 11808 | D:13     | Killed Maurice
 11966 | D:13     | Found Jagarucile's Jewellery Emporium.
 11979 | D:13     | Bought the cursed ring "Idib Wowk" {-Tele +Inv rF+++ EV-3
                  | Int+6} for 735 gold pieces
 12117 | D:13     | Received a gift from Trog
 12159 | D:13     | Noticed a two-headed ogre
 12167 | D:13     | Killed a two-headed ogre
 12323 | D:13     | Reached skill level 15 in Fighting
 12398 | D:13     | Reached skill level 15 in Axes
 12398 | D:13     | Reached XP level 13. HP: 87/126 MP: 4/12
 12504 | D:14     | Found a hide-covered altar of Uskayaw.
 12514 | D:14     | Noticed a fire dragon
 12536 | D:14     | Noticed skumtomte's ghost (journeyman MiBe)
 12537 | D:14     | Noticed a fire dragon
 12538 | D:14     | Found a transporter.
 12546 | D:14     | Found a transporter.
 12797 | D:14     | You fall into a shaft and drop 1 floor!
 12797 | D:15     | Entered Level 15 of the Dungeon
 12801 | D:15     | Found Lyru's Food Shoppe.
 13486 | D:15     | Got a crude chain mail
 13575 | D:15     | Found an opulent altar of Gozag.
 14122 | Orc:1    | Entered Level 1 of the Orcish Mines
 14425 | Orc:1    | Found a shimmering altar of Xom.
 14645 | Orc:2    | Entered Level 2 of the Orcish Mines
 14645 | Orc:2    | Found Dudin's Magic Scroll Emporium.
 14695 | Orc:2    | Found a staircase to the Elven Halls.
 14744 | Orc:2    | Reached skill level 15 in Shields
 15035 | Orc:2    | Reached skill level 16 in Axes
 15056 | Orc:2    | Noticed an orc warlord
 15093 | Orc:2    | Killed an orc warlord
 15113 | Orc:2    | HP: 4/192 [two-headed ogre/+0 giant club[the player
                  | character] (18)]
 15588 | Orc:2    | Paralysed by an orc sorcerer for 6 turns
 15726 | Orc:2    | Found Laidisai's Antique Armour Shop.
 15727 | Orc:2    | Found Zetides's Antique Weapon Boutique.
 15728 | Orc:2    | Found Zaus's General Store.
 15728 | Orc:2    | Found Zamo Ama's Jewellery Shop.
 15851 | Orc:1    | Reached skill level 17 in Axes
 15865 | Orc:1    | Reached skill level 1 in Stealth
 16105 | Lair:1   | Entered Level 1 of the Lair of Beasts
 16157 | D:9      | Reached XP level 14. HP: 11/137 MP: 4/13
 16158 | D:9      | HP: 5/137 [hippogriff (6)]
 16880 | Lair:1   | Got a transparent tin ring
 17748 | Lair:2   | Found a deep blue altar of Sif Muna.
 17826 | Lair:2   | Found a runed translucent door.
 17827 | Lair:2   | Found a shimmering altar of Xom.
 17827 | Lair:2   | Noticed Torikoriko's ghost (journeyman NaWz)
 18065 | Lair:2   | Found a frozen archway.
 18074 | IceCv    | Entered an ice cave
 18289 | IceCv    | Killed a reaper
 18738 | IceCv    | Got a pair of pitted boots
 18751 | IceCv    | Identified the +0 pair of boots "Mifingim" {MR+} (You found
                  | it in an ice cave)
 18761 | IceCv    | Identified the +5 chain mail of the Soldier {rF+ Str+3
                  | Stlth+} (You found it on level 15 of the Dungeon)
 18932 | IceCv    | HP: 5/138 [something (23)]
 18933 | IceCv    | Engulfed by a cloud of freezing vapour

Levels and vault maps discovered:
D:1:      minmay_arrival_jagged, layout_rooms, feat_on_display
D:2:      layout_basic
D:3:      layout_rooms, minmay_misc_feat_secret_circle
D:4:      layout_rooms, doesnt_xom_only_xom, minmay_temple_entry_sparse_star,
          first_ration
D:5:      layout_basic, ebering_ghost_disaster_area, nicolae_ossuary_entry_plus,
          feat_on_display, uniq_menkaure, uniq_grinder
D:6:      layout_basic, kennysheep_okawaru_gauntlet, portal_sewer_entry_c,
          st_stairs_14, nicolae_qazlal_style_of_elements
D:7:      layout_layer_cave, grunt_dithmenos_smoke_and_mirrors
D:8:      layout_basic, kennysheep_mini, grunt_pizzeria
D:9:      layout_roguey, kennysheep_mini_moat, david_lair_generic, erik_orc_3,
          uniq_prince_ribbit1, uniq_pikel, uniq_gastronok
D:10:     layout_loops_ring, serial_glass, glass_columns_b, glass_columns_b,
          serial_shops, shop, minmay_misc_feat_x
D:11:     layout_small_grid, uniq_snorg
D:12:     layout_roguey [special_room_orc], minmay_circle_x
D:13:     layout_stronghold, erik_vaults_1, serial_shops, shop, enter_bailey_3,
          minmay_the_grid_2x2 [minmay_the_grid_medium_cups,
          minmay_the_grid_minigrid_small, minmay_the_grid_tree,
          minmay_the_grid_prize_four_corners], uniq_maurice, uniq_rupert
D:14:     layout_loops_ring, basic_altar, nicolae_two_hexagons,
          gammafunk_ghost_berserking_beasts
D:15:     grunt_enter_depths_hoard, layout_cave_pools, minmay_misc_feat_roman,
          serial_shops, shop, grunt_gozag_statues
Lair:1:   layout_gridlike, lemuel_fruit_tree
Lair:2:   layout_long_grid, basic_altar, ebering_ghost_xom,
          portal_ice_cave_entry_pillars_1, serial_bayou_shore_b,
          lemuel_fruit_fields
Orc:1:    layout_caves, basic_altar
Orc:2:    st_orc_congregation, layout_caves, enter_volcano_1, serial_shops,
          nicolae_shop_trees, statue_in_the_mist_lemuel
IceCv:    ice_cave_small_demon

Skill      XL: |  1  2  3  4  5  6  7  8  9 10 11 12 13 14 |
---------------+-------------------------------------------+-----
Axes           | 4 5 6 7 8 10 12 14 15 17 | 17.4
Fighting       | 4 5 6 8 9 11 13 15 16 | 16.3
Shields        | 2 3 4 6 8 10 12 14 15 | 15.0
Stealth        | 1 2 |  2.4
Armour         | 3 4 |  4.2
Dodging        | 3 |  3.9

Action                   |  1- 3 |  4- 6 |  7- 9 | 10-12 | 13-15 || total
-------------------------+-------+-------+-------+-------+-------++-------
Melee: Hand axe          |    71 |   183 |   188 |       |       ||   442
       Headbutt          |     7 |    40 |    70 |   138 |   130 ||   385
       Broad axe         |       |       |   182 |   538 |   433 ||  1153
       Spear             |       |       |       |   147 |    37 ||   184
Throw: Boomerang         |       |       |     5 |       |       ||     5
Invok: Berserk           |       |       |     3 |     7 |     2 ||    12
       Trog's Hand       |       |       |     1 |     4 |     3 ||     8
       Brothers in Arms  |       |       |       |     6 |    14 ||    20
 Abil: Evoke Invisibilit |       |       |       |     1 |     2 ||     3
  Use: Scroll            |       |     9 |       |    14 |     4 ||    27
       Potion            |       |       |       |       |    26 ||    26
 Stab: Invisible         |       |       |       |     1 |    13 ||    14
       Distracted        |       |       |       |     1 |       ||     1
  Eat: Chunk             |       |     6 |    12 |    32 |     6 ||    56
       Ration            |       |       |     1 |       |     7 ||     8
Armor: Animal skin       |     5 |       |       |       |       ||     5
       Ring mail         |    23 |    16 |       |       |       ||    39
       Chain mail        |       |    60 |   147 |    69 |     9 ||   285
       Plate armour      |       |       |       |   210 |   168 ||   378
       Skin              |       |       |       |       |     9 ||     9
Dodge: Dodged            |    49 |    80 |   102 |   123 |    69 ||   423
Block: Shield            |       |    60 |   180 |   401 |   386 ||  1027
       Reflection        |       |       |       |     3 |    25 ||    28

Table legend:
 A = Non-vault XP
 B = Vault XP
 C = Vault XP percentage of total XP
 D = Non-vault monster count
 E = Vault monster count
 F = Vault count percentage of total count
                 A         B        C        D         E       F
            +---------+---------+-------+---------+---------+-------
      Total |   38761 |   34707 |  47.2 |     409 |     283 |  40.9
            +---------+---------+-------+---------+---------+-------
        D:1 |      43 |       0 |   0.0 |      25 |       0 |   0.0
        D:2 |     109 |       0 |   0.0 |      28 |       0 |   0.0
        D:3 |     154 |       0 |   0.0 |      29 |       0 |   0.0
        D:4 |     277 |       0 |   0.0 |      11 |       0 |   0.0
        D:5 |     494 |     458 |  48.1 |      12 |       2 |  14.3
        D:6 |     804 |      49 |   5.7 |      18 |       9 |  33.3
        D:7 |    1839 |       0 |   0.0 |      27 |       0 |   0.0
        D:8 |    1684 |     136 |   7.5 |      24 |       1 |   4.0
        D:9 |    1447 |    3607 |  71.4 |       7 |      21 |  75.0
       D:10 |    1675 |       0 |   0.0 |      28 |       0 |   0.0
       D:11 |    3882 |    1134 |  22.6 |      31 |       1 |   3.1
       D:12 |    2617 |    1786 |  40.6 |      25 |      33 |  56.9
       D:13 |    3152 |   13473 |  81.0 |      25 |      34 |  57.6
       D:14 |    5465 |       0 |   0.0 |      25 |       0 |   0.0
       D:15 |    2378 |       0 |   0.0 |       8 |       0 |   0.0
     Lair:1 |    3260 |       0 |   0.0 |      16 |       0 |   0.0
     Lair:2 |    3316 |       0 |   0.0 |      11 |       0 |   0.0
      Orc:1 |    3489 |       0 |   0.0 |      37 |       0 |   0.0
      Orc:2 |    2676 |    9575 |  78.2 |      22 |      69 |  75.8
      Sewer |       0 |      29 | 100.0 |       0 |      17 | 100.0
    Ossuary |       0 |     350 | 100.0 |       0 |      37 | 100.0
     Bailey |       0 |     347 | 100.0 |       0 |      34 | 100.0
      IceCv |       0 |    3763 | 100.0 |       0 |      25 | 100.0
            +---------+---------+-------+---------+---------+-------
